Map: Prion Terraces

Players

engulf

  • Race: Zerg Zerg
  • League: Master

Tang - Winner!

  • Race: Zerg Zerg
  • League: Master

VOD

Have the link to the VOD?

Description

Time

  • Played on: Nov. 15, 2015, 9:04 a.m.
  • Length: 3:53
Show
View Real Time Build Order
Export as new Build Order

engulf Zerg 

Build Orders: Pool First 

Get SALT Encoding   

  12  0:00  Drone  
  13  0:09  Drone  
  14  0:17  Overlord  
  14  0:23  Drone, Extractor  
  15  0:35  Drone  
  15  0:36  Drone  
  17  0:57  Drone x2, Extractor, Spawning Pool  
  17  1:06  Drone  
  18  1:16  Drone  
  19  1:26  Overlord  
  19  1:44  Zergling x2, Queen  
  19  1:45  Spine Crawler  
  21  1:50  Zergling x2  
  22  1:57  Metabolic Boost  
  22  1:59  Zergling x2  
  23  2:10  Zergling x2  
  24  2:19  Queen  
  26  2:29  Drone  
  27  2:31  Baneling Nest  
  27  2:33  Drone  
  27  2:47  Drone  
  28  2:52  Zergling x2  
  28  2:53  Zergling x2  
  28  2:55  Overlord  
  30  3:07  Hatchery  
  30  3:10  Zergling x4  
  27  3:19  Zergling x2  
  28  3:26  Zergling x6  
  31  3:31  Zergling x2  
Show
View Real Time Build Order
Export as new Build Order

Tang Zerg - Winner!

Build Orders: Pool First 

Get SALT Encoding   

  12  0:01  Drone  
  13  0:08  Drone  
  13  0:13  Extractor  
  13  0:16  Drone  
  14  0:32  Spawning Pool  
  13  0:36  Drone  
  13  0:42  Drone, Extractor  
  15  0:51  Overlord  
  15  1:19  Metabolic Boost, Queen  
  15  1:21  Zergling x4  
  15  1:25  Zergling x2  
  20  1:32  Zergling x2  
  21  1:43  Zergling x2  
  22  1:57  Hatchery  
  22  1:58  Zergling x2  
  22  2:04  Overlord  
  22  2:22  Queen  
  24  2:31  Zergling x4  
  24  2:32  Zergling x6  
  29  2:41  Overlord  
  29  3:01  Zergling x2  
  29  3:02  Zergling x6  
  30  3:17  Zergling x6  
  32  3:22  Drone  
  32  3:25  Drone  
  33  3:34  Drone x3  
  33  3:35  Drone  
Tags
 
Add a new tag
Caveats
  • Supply blocks, unpowered buildings, or Contaminate may cause inaccurate times.
  • Supply counts are checked every 10 seconds.